 Dungeon Crawl Stone Soup version 0.19-a0-1188-g4c2e17c (webtiles) character file.

80 Gorfmaster the Cudgeler (level 4, -1/29 HPs)
             Began as a Gargoyle Berserker on Aug 18, 2016.
             Was a Believer of Trog.
             Slain by Grinder (4 damage)
             ... while paralysed by Grinder
             ... on level 3 of the Dungeon.
             The game lasted 00:11:12 (2304 turns).

Gorfmaster the Cudgeler (Gargoyle Berserker)        Turns: 2304, Time: 00:11:15

Health: -1/29      AC:  9    Str: 21    XL:     4   Next: 39%
Magic:  4/4        EV:  2    Int:  8    God:    Trog [**....]
Gold:   148        SH:  0    Dex:  9    Spells: 0 memorised, 3 levels left

rFire  . . .     SeeInvis .     a - +0 mace
rCold  . . .     Gourm    .     o - +0 ring mail
rNeg   + . .     Faith    .     (no shield)
rPois  ∞         Spirit   .     (no helmet)
rElec  +         Dismiss  .     (no cloak)
rCorr  .         Reflect  .     (no gloves)
MR     .....     Harm     .     (no boots)
Stlth  +.........               d - amulet of rage
                                (no ring)
                                (no ring)

@: paralysed, flying
A: negative energy resistance 1, electricity resistance, unbreathing,
petrification resistance, rot immunity, AC +3
a: Berserk, Trog's Hand, Burn Spellbooks, Renounce Religion, Evoke Berserk Rage


You were on level 3 of the Dungeon.
You worshipped Trog.
Trog was pleased with you.
You were hungry.

You visited 1 branch of the dungeon, and saw 3 of its levels.

You collected 148 gold pieces.

Inventory:

Hand Weapons
 a - a +0 mace (weapon)
 e - a +0 hunting sling
 l - a cursed -1 short sword
Armour
 b - a +0 animal skin
 o - a +0 ring mail (worn)
Jewellery
 d - an amulet of rage (around neck)
Scrolls
 h - 3 scrolls of identify {unknown}
 m - a scroll of recharging {unknown}
Potions
 f - 4 potions of curing {unknown}
 g - a potion of mutation {unknown}
 k - a potion of flight
Comestibles
 c - 2 bread rations
 n - a beef jerky


   Skills:
 + Level 3.9 Fighting
 + Level 3.9 Maces & Flails
 + Level 2.3 Armour
 + Level 2.1 Dodging
 + Level 1.3 Stealth


You had 3 spell levels left.
You didn't know any spells.

Dungeon Overview and Level Annotations

Branches:
Dungeon (3/15)

Altars:
Zin

Shops:
D:2 *

Annotations:
D:3 Grinder


Innate Abilities, Weirdness & Mutations

You are resistant to torment.
Your stone body is resilient. (AC +3)
You are immune to poison.
You resist negative energy. (rN+)
You are resistant to electric shocks. (rElec)
You can survive without breathing.
You are immune to petrification.
You are immune to rotting.


Message History

The orc hits you with a flail.
It was a potion of flight.
You feel very buoyant.
You fly up into the air.
The orc misses you. Grinder hits you.
You writhe in agony.
The orc hits you but does no damage. x2
As you read the scroll labeled VIRIFO REAHO, it crumbles to dust.
The creatures around you are filled with an inner flame!
It was a scroll of immolation.
The orc barely misses you. The orc hits you but does no damage.
Grinder misses you. The orc hits you but does no damage.
The orc barely misses you.
You closely miss Grinder. Grinder hits you but does no damage.
The orc hits you but does no damage. x3; The orc hits you with a short sword.
You hit Grinder but do no damage. Grinder says, "Are you a fish?"
Grinder gestures at you.
You suddenly lose the ability to move!
The orc hits you but does no damage. x3
The orc hits you with a mace!
* * * LOW HITPOINT WARNING * * *
Grinder hits you.
You die...

# ##.#
#.#...
.#..# .5o.
#..# ####
#..# ....
#..#####..#
#.<(.5@o).#
#..(.ooo.##
##########


You could see Grinder (inner flame) and 4 orcs.

Vanquished Creatures
  2 adders (D:2)
  2 worms (D:2)
  A dart slug (D:1)
  3 giant geckos
  2 giant cockroaches (D:2)
  4 goblins
  5 hobgoblins
  11 jackals
  6 bats
  5 giant newts
  4 kobolds
  5 rats
50 creatures vanquished.

Notes
Turn   | Place    | Note
-------+----------+-------------------------------------------
     0 | D:1      | Gorfmaster the Gargoyle Berserker began the quest for the Orb.
     0 | D:1      | Reached XP level 1. HP: 14/14 MP: 1/1
    94 | D:1      | Reached XP level 2. HP: 14/19 MP: 2/2
  1056 | D:2      | Found Zin's Purification Station.
  1056 | D:2      | Found a glowing silver altar of Zin.
  1084 | D:2      | Reached XP level 3. HP: 24/24 MP: 3/3
  1138 | D:2      | Reached ** piety under Trog
  1886 | D:2      | Reached skill level 1 in Stealth
  1886 | D:2      | Reached XP level 4. HP: 26/29 MP: 4/4
  2290 | D:3      | Noticed Grinder
  2296 | D:3      | Paralysed by Grinder for 4 turns
  2304 | D:3      | Paralysed by Grinder for 5 turns
  2304 | D:3      | Slain by Grinder

Vault maps used:
D:1:      minmay_arrival_stair_chambers
D:2:      zin_purify, first_bread
D:3:      ashenzari_conservatory_becter, ecumenical_altar_1, uniq_grinder,
          uniq_robin

Skill      XL: |  1  2  3 |
---------------+----------+-----
Dodging        | 2 |  2.1
Stealth        | 1 |  1.3
Fighting       | |  3.9
Maces & Flails | |  3.9
Armour         | |  2.3

Action                   |  1- 3 |  4- 6 || total
-------------------------+-------+-------++-------
Melee: Mace              |   170 |    34 ||   204
  Use: Scroll            |       |     2 ||     2
       Potion            |       |     1 ||     1
 Stab: Sleeping          |     1 |       ||     1
  Eat: Chunk             |     3 |     1 ||     4
Armor: Animal skin       |    62 |       ||    62
       Ring mail         |     6 |    33 ||    39
Dodge: Dodged            |   121 |    38 ||   159
